 Dungeon Crawl Stone Soup version 0.28.0-1-gb440e238dd (webtiles) character file.

Game seed: 2552183660958114714

898 buriedalive the Frost Mage (level 7, -4/33 (36) HPs)
             Began as a Deep Elf Ice Elementalist on Feb 23, 2022.
             Was an Initiate of Sif Muna.
             Slain by a wight (12 damage)
             ... in an ossuary.
             The game lasted 00:09:36 (6326 turns).

buriedalive the Frost Mage (DEIE)                   Turns: 6326, Time: 00:09:37

HP:   -4/33 (36)    AC:  5    Str:  5    XL:     7   Next: 79%
MP:   13/13         EV: 16    Int: 22    God:    Sif Muna [......]
Gold: 315           SH:  0    Dex: 15    Spells: 5/12 levels left

rFire   . . .      SeeInvis .   d - +3 rapier (venom)
rCold   . . .      Faith    .   (no shield)
rNeg    . . .      Spirit   .   a - +0 robe
rPois   .          Reflect  .   e - +0 helmet
rElec   .          Harm     .   q - +0 cloak
rCorr   .          Rampage  .   (no gloves)
Will    .....                   b - +0 pair of boots
Stlth   ++........              (no amulet)
HPRegen 0.11/turn               i - ring of wizardry
MPRegen 0.13/turn               (no ring)

@: drained
A: no striking features
a: Renounce Religion


You were in an ossuary.
You worshipped Sif Muna.
Sif Muna was noncommittal.
You visited 2 branches of the dungeon, and saw 7 of its levels.
You also visited: Ossuary.

You collected 315 gold pieces.

Inventory:

Hand Weapons
 d - a +3 rapier of venom (weapon)
 g - a +0 dagger
 r - a +3 falchion of protection
Missiles
 j - 5 datura-tipped darts
 m - a throwing net
Armour
 a - a +0 robe (worn)
 b - a +0 pair of boots (worn)
 e - a +0 helmet (worn)
 h - a +1 hat
 q - a +0 cloak (worn)
Jewellery
 i - a ring of wizardry (left hand)
 l - a +6 ring of intelligence
Scrolls
 k - a scroll of summoning
 t - a scroll of holy word {unknown}
 w - a scroll of teleportation
 y - a scroll of blinking
Potions
 c - 3 potions of might
 f - 2 potions of flight
 n - a potion of curing
 o - a potion of brilliance {unknown}
 p - 2 potions of lignification {unknown}
 s - a potion of berserk rage {unknown}
 u - a potion of magic {unknown}
 v - 3 potions of heal wounds {unknown}
 x - 4 potions of haste {unknown}


   Skills:
 + Level 7.9 Dodging
 - Level 2.4 Stealth
 - Level 3.0 Spellcasting
 + Level 8.2 Ice Magic


You had 5 spell levels left.
You knew the following spells:

 Your Spells              Type           Power      Damage    Failure   Level
a - Freeze                Ice            100%       1d11      1%          1
b - Ozocubu's Armour      Ice            39%        N/A       1%          3
c - Frozen Ramparts       Ice            78%        1d9       1%          3

Your spell library contained the following spells:

 Spells                   Type           Power      Damage    Failure   Level
 Hailstorm                Conj/Ice       21%        3d6       9%          4


Dungeon Overview and Level Annotations

Branches:
Dungeon (6/15)             Temple (1/1) D:5         Ossuary (1/1)

Altars:
Dithmenos
Fedhas
Gozag
Hepliaklqana
Makhleb
Nemelex Xobeh
Qazlal
Ru
Sif Muna
Trog
Wu Jian
Xom
Yredelemnul
The Shining One
Ignis


Message History

You open the door.
There is an open door here.
The flying skull gives a hideous shriek!
You open the door.
There is an open door here.
w - a scroll of teleportation The flying skull gives a hideous shriek!
x - a bubbling orange potion
x - 2 bubbling orange potions (gained 1)
v - 2 coppery potions (gained 1)
v - 3 coppery potions (gained 1)
y - a scroll of blinking
n - 2 white potions (gained 1)
x - 4 bubbling orange potions (gained 2)
p - 2 purple potions (gained 1)
The flying skull gives a hideous shriek!
You open the door.
A wight comes into view. It is wielding a +1 battleaxe.
A wight is nearby!
The wight hits you but does no damage.
There is an open door here.
You hit the wight but do no damage. The wight hits you but does no damage.
You closely miss the wight. The wight completely misses you.
You hit the wight but do no damage. The wight hits you with a +1 battleaxe.
You feel drained.
You closely miss the wight. The wight hits you with a +1 battleaxe!
You feel drained.
You barely miss the wight. The wight completely misses you.
The wight barely misses you.
You hit the wight.
The wight is heavily damaged.
The wight hits you with a +1 battleaxe!!
Ouch! That really hurt!
* * * LOW HITPOINT WARNING * * *
You are too injured to fight recklessly!
You are too injured to fight recklessly!
Unknown command.
It was a potion of curing.
You feel better. The wight hits you with a +1 battleaxe!
You die...

#############
............#
+##.###.##@.# #
#.#z#.#z#.#
#.###.###.###.#
#.............#
#.............#
#.###.....###.#
#.....#z#.#
.###.....###.#
#.............#


You could see a wight.

Vanquished Creatures
  A hornet (D:4)
  Eustachio (D:5)
  A black bear (D:5)
  A scorpion (D:4)
  2 orc priests (D:4)
  A hound (D:5)
  2 iguanas
  An orc wizard (D:4)
  A hound zombie (D:5)
  4 gnolls (D:3)
  8 adders
  An ufetubus (D:5)
  2 adder zombies
  2 adder skeletons
  A worm (D:3)
  2 dart slugs
  11 orcs
  5 ball pythons
  5 bats
  A bat skeleton (D:2)
  5 endoplasms
  4 giant cockroaches
  2 goblins
  9 hobgoblins
  7 jackals (D:1)
  3 quokkas
  2 ball python skeletons
  3 frilled lizards
  A hobgoblin skeleton (Ossuary)
  2 hobgoblin zombies (Ossuary)
  2 kobolds
  2 kobold zombies (Ossuary)
  An orc skeleton (Ossuary)
  2 orc zombies (Ossuary)
  4 rats
102 creatures vanquished.

Vanquished Creatures (collateral kills)
  A howler monkey skeleton (D:5)
1 creature vanquished.

Vanquished Creatures (others)
  4 toadstools (D:1)
  3 withered plants (D:2)
7 creatures vanquished.

Grand Total: 110 creatures vanquished

Notes
Turn   | Place    | Note
-------+----------+-------------------------------------------
     0 | D:1      | buriedalive the Deep Elf Ice Elementalist began the quest
                  | for the Orb.
     0 | D:1      | Reached XP level 1. HP: 10/10 MP: 6/6
   249 | D:1      | Reached XP level 2. HP: 11/15 MP: 5/8
  1096 | D:2      | Reached skill level 5 in Ice Magic
  1096 | D:2      | Reached XP level 3. HP: 19/19 MP: 7/9
  1518 | D:2      | Found a burning altar of Makhleb.
  1643 | D:2      | Learned a level 3 spell: Ozocubu's Armour
  1647 | D:2      | Learned a level 3 spell: Frozen Ramparts
  1850 | D:2      | Reached XP level 4. HP: 16/24 MP: 2/10
  2618 | D:3      | Found a faded altar of an unknown god.
  2662 | D:3      | Reached XP level 5. HP: 25/28 MP: 9/11
  2977 | D:3      | Reached skill level 5 in Dodging
  3489 | D:3      | Reached skill level 6 in Ice Magic
  4154 | D:4      | Noticed a hornet
  4162 | D:4      | Killed a hornet
  4163 | D:4      | Reached skill level 7 in Ice Magic
  4163 | D:4      | Reached XP level 6. HP: 3/32 MP: 6/12
  4552 | D:4      | Reached XP level 7. HP: 36/36 MP: 10/13
  4840 | D:4      | Found a sparkling altar of Nemelex Xobeh.
  5009 | D:5      | Entered Level 5 of the Dungeon
  5159 | D:5      | Noticed Eustachio
  5178 | D:5      | Killed Eustachio
  5509 | D:5      | Reached skill level 8 in Ice Magic
  5609 | D:5      | Found a staircase to the Ecumenical Temple.
  5624 | Temple   | Entered the Ecumenical Temple
  5715 | Temple   | Became a worshipper of Sif Muna the Loreminder
  6144 | D:6      | Found a sand-covered staircase.
  6156 | Ossuary  | Entered an ossuary
  6273 | Ossuary  | Noticed a flying skull
  6273 | Ossuary  | Noticed a wraith
  6286 | Ossuary  | Noticed a flying skull
  6312 | Ossuary  | Noticed a flying skull
  6326 | Ossuary  | Slain by a wight

Illustrated notes

Levels and vault maps discovered:
D:1:      ldierk_walled_garden_2, layout_loops_cross, chequers_arboretum
D:2:      layout_loops_ring, basic_altar, serial_undead, serial_undead_a,
          serial_undead_d, serial_undead_b, serial_undead_b
D:3:      layout_loops_ring, ebering_ecumenical_altar_box
D:4:      layout_gridville, nemelex_dance_club_becter, kennysheep_boxes
D:5:      layout_basic, minmay_temple_entry_gardened_gates, uniq_eustachio
D:6:      layout_loops_cross, vehumet_altar_wand_db,
          nicolae_overflow_hallway_of_the_gods, nicolae_ossuary_entry_ruins,
          hangedman_abyss_or_decor_stabs, serial_bayou_crossing,
          uniq_blork_the_orc
Temple:   pdpol_scorched_temple
Ossuary:  ossuary_due_cavern

Skill      XL: |  1  2  3  4  5  6  7 |
---------------+----------------------+-----
Dodging        | 3 4 6 7 |  7.9
Ice Magic      | 5 7 8 |  8.2
Stealth        | |  2.4
Spellcasting   | |  3.0

Action                   |  1- 3 |  4- 6 |  7- 9 || total
-------------------------+-------+-------+-------++-------
Melee: Dagger            |    61 |    38 |       ||    99
       Unarmed           |     6 |       |       ||     6
       Falchion          |       |    26 |    24 ||    50
       Punch             |       |     1 |     1 ||     2
       Rapier            |       |       |    56 ||    56
 Cast: Freeze            |    36 |    16 |     1 ||    53
       Frozen Ramparts   |     2 |    15 |     5 ||    22
       Ozocubu's Armour  |     1 |     8 |     4 ||    13
  Use: Scroll            |       |       |    10 ||    10
       Potion            |       |       |     2 ||     2
 Stab: Sleeping          |     1 |     7 |     8 ||    16
       Distracted        |       |     1 |     1 ||     2
Armor: Robe              |    24 |    22 |    34 ||    80
Dodge: Dodged            |    66 |    70 |   111 ||   247
